 Dungeon Crawl Stone Soup version 0.17-a0-2002-g92c7e20 (webtiles) character file.

49 Shim the Grasshopper (level 3, -3/24 HPs)
             Began as a High Elf Warper on Oct 8, 2015.
             Was an Initiate of Dithmenos.
             Slain by a giant gecko (4 damage)
             ... on level 1 of the Dungeon.
             The game lasted 00:11:09 (2355 turns).

Shim the Grasshopper (High Elf Warper)              Turns: 2355, Time: 00:11:09

Health: -3/24      AC:  4    Str: 10    XL:     3   Next: 53%
Magic:  6/8        EV: 12    Int: 17    God:    Dithmenos [......]
Gold:   101        SH:  0    Dex: 15    Spells: 3 memorised, 2 levels left

rFire  . . .     SeeInvis .     a - +0 short sword
rCold  . . .     Clarity  +     b - +0 leather armour
rNeg   . . .     SustAt   .     (no shield)
rPois  .         Gourm    .     p - +0 helmet
rElec  .         Spirit   .     (no cloak)
rCorr  .         Warding  .     (no gloves)
rMut   .         Stasis   .     (no boots)
MR     .....                    g - amulet of clarity
Stlth  +++.......               (no ring)
                                l - ring of stealth

@: not resistant to hostile enchantments, fairly stealthy
A: no striking features
a: Renounce Religion


You were on level 1 of the Dungeon.
You worshipped Dithmenos.
Dithmenos was noncommittal.
You were not hungry.

You visited 1 branch of the dungeon, and saw 2 of its levels.

You collected 101 gold pieces.

Inventory:

Hand Weapons
 a - a +0 short sword (weapon)
Missiles
 e - 5 tomahawks of dispersal
 j - 41 stones (quivered)
 v - 21 arrows
Armour
 b - a +0 leather armour (worn)
 p - a +0 helmet (worn)
Jewellery
 g - an amulet of clarity (around neck)
 l - a ring of stealth (left hand)
Scrolls
 d - a scroll of blinking
 i - a scroll of identify {unknown}
 n - 2 scrolls of teleportation {unknown}
 o - a scroll of enchant armour {unknown}
 q - 2 scrolls of amnesia {unknown}
 r - a scroll of enchant weapon {unknown}
Potions
 h - a potion of brilliance {unknown}
 k - a potion of heal wounds {unknown}
 m - a potion of flight {unknown}
 s - a potion of cure mutation {unknown}
Books
 c - a book of Spatial Translocations

   Spells                             Type                      Level
   a - Apportation                    Translocation                1
   b - Blink                          Translocation                2
   c - Shroud of Golubria             Charms/Translocation         2
   d - Portal Projectile              Translocation                3
   e - Teleport Other                 Translocation                3
   f - Passage of Golubria            Translocation                4
Comestibles
 f - a bread ration
 t - a meat ration
 u - 2 fruits
 w - a slice of pizza


   Skills:
 + Level 2.2 Fighting
 + Level 2.7 Short Blades
 + Level 1.0 Throwing
 + Level 1.3 Armour
 + Level 2.9 Dodging
 * Level 1.0 Stealth
 + Level 2.8 Spellcasting
 + Level 3.5 Translocations


You had 2 spell levels left.
You knew the following spells:

 Your Spells              Type           Power        Failure   Level  Hunger
a - Apportation           Tloc           ##........   8%          1    #......
b - Blink                 Tloc           N/A          10%         2    ##.....
c - Shroud of Golubria    Chrm/Tloc      #.........   21%         2    ##.....


Dungeon Overview and Level Annotations

Branches:
Dungeon (2/15)

Altars:
Dithmenos
Zin

Annotations:
D:2 Natasha


Message History

The giant gecko is heavily wounded.
The giant gecko bites you.
* * * LOW HITPOINT WARNING * * *
The giant gecko closely misses you.
You closely miss the giant gecko.
The giant gecko is heavily wounded.
Your shroud bends the giant gecko's attack away.
You miss the giant gecko.
The giant gecko is moderately wounded.
The giant gecko misses you.
You miss the giant gecko.
The giant gecko is moderately wounded.
The giant gecko closely misses you.
You miss the giant gecko.
The giant gecko is moderately wounded.
The giant gecko closely misses you.
You barely miss the giant gecko.
The giant gecko is moderately wounded.
The giant gecko bites you.
You die...

#.#.############# #.#.####
#.#.........# #....#
#.#########.# ##....### #.# #.#
#.......# #.# #.### #........
#.#########...# #........
#.............# ###...##.
###########..>##########...###
#.l@.......)...###
#.#######..######### #.####
#...######...
#....###.......##...
####.#.......####...
#...........####' ###
###.......#####..
#############.## ###...####.#..#
.....).........######.>.#####.#..


You could see a giant gecko.

Vanquished Creatures
  An adder (D:2)
  A giant gecko (D:1)
  A giant cockroach (D:1)
  7 goblins (D:1)
  7 hobgoblins
  2 ball pythons
  6 bats (D:1)
  3 giant newts
  5 kobolds
  4 rats (D:1)
37 creatures vanquished.

Notes
Turn   | Place    | Note
--------------------------------------------------------------
     0 | D:1      | Shim the High Elf Warper began the quest for the Orb.
     0 | D:1      | Reached XP level 1. HP: 14/14 MP: 4/4
   270 | D:1      | Reached XP level 2. HP: 17/19 MP: 6/6
   857 | D:1      | Learned a level 2 spell: Blink
  1021 | D:1      | Reached skill level 1 in Armour
  1464 | D:1      | Reached XP level 3. HP: 20/24 MP: 8/8
  1817 | D:2      | Reached skill level 1 in Stealth
  1863 | D:2      | Learned a level 2 spell: Shroud of Golubria
  2167 | D:2      | Found a shadowy altar of Dithmenos.
  2167 | D:2      | Found a glowing silver altar of Zin.
  2177 | D:2      | Became a worshipper of Dithmenos the Shadowed
  2303 | D:2      | Noticed Natasha
  2318 | D:2      | HP: 1/24 [white imp/puff of frost[Natasha] (11)]
  2350 | D:1      | HP: 1/24 [giant gecko (3)]
  2355 | D:1      | Slain by a giant gecko

Vault maps used:
D:1:      elethiomel_arrival_fortress_basement, minmay_misc_feat_rugged
D:2:      gammafunk_temple_overflow_pools, uniq_natasha

Action                   || total
-------------------------++-------
Melee: Short sword       ||   163
Throw: Stone             ||    21
 Cast: Shroud of Golubri ||     8
 Stab: Sleeping          ||     6
  Eat: Chunk             ||     5
